 Dungeon Crawl Stone Soup version 0.24-a0-639-gb70a11d811 (webtiles) character file.

Game seed: 14678548519954924590, levelgen mode: classic

18 EnegeticOcto the Skirmisher (level 2, -1/31 HPs)
             Began as an Ogre Transmuter on Sept 21, 2019.
             Succumbed to a kobold's poison
             ... on level 1 of the Dungeon.
             The game lasted 00:01:58 (1093 turns).

EnegeticOcto the Skirmisher (Ogre Transmuter)       Turns: 1093, Time: 00:01:58

Health: -1/31      AC:  3    Str: 16 (18) XL:     2   Next: 70%
Magic:  5/5        EV: 10    Int: 13 (14) God:
Gold:   76         SH:  0    Dex:  8 (9)  Spells: 2/5 levels left

rFire    . . .     SeeInvis .   e - 2 rations
rCold    . . .     Gourm    .   (no shield)
rNeg     . . .     Faith    .   b - +0 robe
rPois    .         Spirit   .   (helmet restricted)
rElec    .         Reflect  .   (no cloak)
rCorr    .         Harm     .   (gloves unavailable)
MR       .....                  (boots unavailable)
Stlth    +.........             (no amulet)
HPRegen  0.10/turn              (no ring)
MPRegen  0.09/turn              (no ring)

@: mighty, lethally poisoned (-1 -> -14)
A: large, unfitting armour, tough skin 1
a: no special abilities


You were on level 1 of the Dungeon.
You were hungry.

You visited 1 branch of the dungeon, and saw 1 of its levels.

You collected 76 gold pieces.

Inventory:

Hand Weapons
 f - a +0 dagger
Missiles
 a - 12 arrows
Armour
 b - a +0 robe (worn)
Scrolls
 g - a scroll of enchant armour {unknown}
 h - a scroll of teleportation {@r3 !r}
Comestibles
 e - 2 rations (in hand)


   Skills:
 + Level 3.5 Fighting
 - Level 1.7 Dodging
 - Level 2.6 Unarmed Combat
 - Level 2.4 Spellcasting
 - Level 1.7 Transmutations


You had 2 spell levels left.
You knew the following spells:

 Your Spells              Type           Power        Failure   Level  Hunger
a - Beastly Appendage     Tmut           #.....       12%         1    #......
j - Sticks to Snakes      Tmut           #.......     19%         2    ###....

Your spell library contained the following spells:

 Spells                   Type           Power        Failure   Level  Hunger
 Spider Form              Tmut/Pois      #.........   45%         3    ###....
 Ice Form                 Ice/Tmut       #.......     86%         4    #####..
 Blade Hands              Tmut           #.........   97%         5    ######.


Dungeon Overview and Level Annotations

Branches:
Dungeon (1/15)

Altars:


Innate Abilities, Weirdness & Mutations

You are too large for most types of armour.
You have tough skin. (AC +1)


Message History

You are feeling hungry.
You now have 76 gold pieces (gained 14).
Found a buckler.
A goblin comes into view. It is wielding a +0 club.
You see here a buckler.
A goblin is nearby!
The goblin shouts!
A bat comes into view.
A kobold comes into view. 2 kobolds come into view.
A kobold is wielding a +2 dagger of venom.
The kobold shouts! x3; You hear a shout!
You hear an angry hiss.
The kobold throws a stone.
The stone hits you but does no damage.
You see here a stone.
The bat closely misses you. The kobold barely misses you.
The kobold throws a stone.
The stone hits you but does no damage.
You see here a stone.
You miss the kobold. The bat barely misses you.
The bat hits you but does no damage. The goblin barely misses you.
A hobgoblin comes into view. It is wielding a +0 club.
The kobold barely misses you.
You hit the kobold.
The kobold is moderately wounded.
The bat closely misses you.
A jackal comes into view.
The kobold hits you but does no damage. The goblin barely misses you.
The jackal barks!
You hit the kobold.
The kobold is severely wounded.
You hear a bark!
The bat hits you but does no damage. The kobold hits you with a +0 dagger.
The kobold throws a stone.
The stone barely misses you.
You hit the kobold but do no damage.
The kobold is severely wounded.
The goblin misses you.
A jackal comes into view.
The kobold hits you with a +2 dagger of venom.
You are poisoned.
The kobold hits you with a +0 dagger.
You barely miss the kobold.
The kobold is severely wounded.
You feel sick. The goblin hits you but does no damage.
A leopard gecko comes into view.
The kobold hits you but does no damage.
The kobold hits you with a +2 dagger of venom.
You are more poisoned.
You feel sick. The goblin hits you with a +0 club.
A jackal comes into view.
You feel sick.
You see here a scroll labeled TUTO METUV.
You feel sick.
You feel sick.
You feel sick.
Press: ? - help, v - describe, . - travel
Here: a kobold The floor.
Okay, then.
It was a potion of might.
You feel very mighty all of a sudden.
You feel sick.
The leopard gecko hisses angrily.
You hear a bark!
The goblin hits you but does no damage.
It was a potion of degeneration.
There was something very wrong with that liquid.
You feel weakened.
You feel dopey.
You feel clumsy.
You feel sick. The goblin hits you with a +0 club.
As you read the scroll labeled IDWUSU BEXARHU, it crumbles to dust.
You feel strangely unstable.
It was a scroll of teleportation.
* * * LOW HITPOINT WARNING * * *
You feel sick. The goblin barely misses you.
You puncture the goblin!
You kill the goblin!
* * * LOW HITPOINT WARNING * * *
You feel sick.
A jackal comes into view.
The kobold hits you with a +2 dagger of venom.
* * * LOW HITPOINT WARNING * * *
You are more poisoned.
* * * LOW HITPOINT WARNING * * *
You feel sick.
The jackal stops to sniff the ground.
Your surroundings suddenly seem different.
* * * LOW HITPOINT WARNING * * *
You feel sick.
Okay, then.
You aren't carrying any potions.
Unknown command.
Okay, then.
Casting: Beastly Appendage (safe; 12% risk of failure)
Confirm with . or Enter, or press ? or * to list all spells.
You don't know that spell.
Unknown command.
Wield which item (- for none, * to show all)? (? for menu, Esc to quit)
e - 2 rations (in hand)
* * * LOW HITPOINT WARNING * * *
You feel sick.
You swing at nothing.
* * * LOW HITPOINT WARNING * * *
You feel sick.
You swing at nothing.
You die...

...................###.#####.....
................#### #....###....
............###.# ###.....######
##8###8#...## #.####........#
############ #.............#
8#....# ########.........#
##....######.......#.#.....##
##[................#.#>....##
##.....#####....@..#........#
8#....#.###.#......#........#
##...###.#.###...).#........#
....## ##.## ##....#.#.....######
####.###.#.###.#......#...#..[...
##.#.#.#.#.##......###.#......
##.#.<.#.######...# #.#......
##.#.#.#.#.## #...# #.#......
##.###.#.###(## #...###.#......


There were no monsters in sight!

Vanquished Creatures
  A dart slug (D:1)
  A ball python (D:1)
  A giant cockroach (D:1)
  4 goblins (D:1)
  A hobgoblin (D:1)
  5 bats (D:1)
  2 kobolds (D:1)
  A rat (D:1)
16 creatures vanquished.

Notes
Turn   | Place    | Note
-------+----------+-------------------------------------------
     0 | D:1      | EnegeticOcto the Ogre Transmuter began the quest for the
                  | Orb.
     0 | D:1      | Reached XP level 1. HP: 19/19 MP: 3/3
   146 | D:1      | Reached skill level 2 in Fighting
   390 | D:1      | Reached XP level 2. HP: 19/29 MP: 3/5
   565 | D:1      | Reached skill level 3 in Fighting
   837 | D:1      | Learned a level 2 spell: Sticks to Snakes
  1092 | D:1      | HP: 1/31 [poisoned by a kobold]
  1093 | D:1      | Succumbed to a kobold's poison

Levels and vault maps discovered:
D:1:      minmay_arrival_diagonal_passages, layout_rooms, serial_corexii_hall,
          chequers_hall_statues_wall_a, chequers_hall_statues_corner_a,
          chequers_hall_statues_corner_a, corexii_hall_statues_x

Skill      XL: |  1  2 |
---------------+-------+-----
Fighting       | 2 3 |  3.5
Dodging        | |  1.7
Unarmed Combat | |  2.6
Spellcasting   | |  2.4
Transmutations | |  1.7

Action                   || total
-------------------------++-------
Melee: Unarmed           ||    36
       Kick              ||     7
       Dagger            ||    53
 Cast: Beastly Appendage ||     5
  Use: Potion            ||     2
       Scroll            ||     1
Armor: Robe              ||    47
Dodge: Dodged            ||    72

Table legend:
 A = Non-vault XP
 B = Vault XP
 C = Vault XP percentage of total XP
 D = Non-vault monster count
 E = Vault monster count
 F = Vault count percentage of total count
                 A         B        C        D         E       F
            +---------+---------+-------+---------+---------+-------
      Total |      27 |       0 |   0.0 |      16 |       0 |   0.0
            +---------+---------+-------+---------+---------+-------
        D:1 |      27 |       0 |   0.0 |      16 |       0 |   0.0
            +---------+---------+-------+---------+---------+-------
